 Dungeon Crawl Stone Soup version 0.21-a0-286-g6fcecc0 (webtiles) character file.

37 tidbits the Insei (level 3, 27/31 HPs)
             Began as a Draconian Monk on Sept 27, 2017.
             Was an Initiate of Gozag.
             Quit the game on level 3 of the Dungeon.
             The game lasted 00:03:26 (553 turns).

tidbits the Insei (Draconian Monk)                   Turns: 553, Time: 00:03:27

Health: 27/31      AC:  6    Str: 13    XL:     3   Next: 21%
Magic:  3/3        EV: 13    Int: 11    God:    Gozag
Gold:   134        SH:  0    Dex: 13    Spells: 2/2 levels left

rFire    . . .     SeeInvis .     - Unarmed
rCold    . . .     Gourm    .   (no shield)
rNeg     . . .     Faith    .   (armour unavailable)
rPois    .         Spirit   .   (helmet restricted)
rElec    .         Reflect  .   (no cloak)
rCorr    .         Harm     .   G - +0 pair of gloves
MR       .....                  (no boots)
Stlth    ++........             (no amulet)
HPRegen  0.10/turn              (no ring)
MPRegen  0.08/turn              (no ring)

@: no status effects
A: unfitting armour, cold-blooded, AC +5
a: Potion Petition, Call Merchant, Bribe Branch, Renounce Religion


You were on level 3 of the Dungeon.
You worshipped Gozag.
Gozag was aware of your devotion.
You were not hungry.

You visited 1 branch of the dungeon, and saw 3 of its levels.

You collected 134 gold pieces.

Inventory:

Hand Weapons
 e - a +0 hunting sling
Missiles
 f - 5 tomahawks (quivered)
Armour
 G - a +0 pair of gloves (worn)
Scrolls
 b - 2 scrolls of enchant armour {unknown}
 c - a scroll of fear {unknown}
 d - 2 scrolls of fog {unknown}
Comestibles
 a - a bread ration


   Skills:
 - Level 3.2 Fighting
 - Level 2.6 Dodging
 - Level 1.7 Stealth
 + Level 4.3 Unarmed Combat


You had 2 spell levels left.
You didn't know any spells.

Dungeon Overview and Level Annotations

Branches:
Dungeon (3/15)

Altars:
Gozag


Innate Abilities, Weirdness & Mutations

Your plain brown scales are hard. (AC +5)
You cannot fit into any form of body armour.
You are cold-blooded and may be slowed by cold attacks.


Message History

G - a +0 pair of gloves (worn)
Found 9 gold pieces.
You now have 82 gold pieces (gained 9).
Found an escape hatch in the ceiling.
A bat and a rat come into view.
Found a hunting sling and a mace.
There is an escape hatch in the ceiling here.
The rat misses you.
You hit the rat.
You kill the rat!
There is an escape hatch in the ceiling here.
You completely miss the bat.
Your tail-slap misses the bat.
The bat barely misses you.
You closely miss the bat. The bat hits you but does no damage.
The bat barely misses you.
You closely miss the bat. The bat completely misses you.
The bat hits you but does no damage.
You hit the bat.
The bat is moderately wounded.
The bat completely misses you. The bat closely misses you.
You hit the bat.
You kill the bat!
You have reached level 3!
Your experience leads to an increase in your attributes!
Increase (S)trength, (I)ntelligence, or (D)exterity?
You feel clever.
Your scales feel tougher.
There is an escape hatch in the ceiling here.
A bat comes into view.
You see here a hunting sling.
e - a hunting sling The bat hits you but does no damage.
The bat hits you.
You hit the bat.
You kill the bat!
You see here a bat corpse.
You see here a mace.
Found a stone staircase leading down.
Found a helmet.
There is a stone staircase leading down here.
You climb downwards.
Found a scroll labeled HYVA VACLAAHATH.
There is a stone staircase leading up here.
d - 2 scrolls labeled HYVA VACLAAHATH (gained 1)
An orc comes into view. It is wielding a mace.
The orc shouts!
You hear a shout!
An orc comes into view. It is wielding a short sword.
Found a stone staircase leading down.
An orc comes into view. It is wielding a short sword.
Found an opulent altar of Gozag.
Found a stone staircase leading up.
A goblin comes into view.
The orc shouts!
The orc hits you with a mace.
Found 11 gold pieces.
There is an opulent altar of Gozag here.
You kneel at the altar of Gozag.
Gozag welcomes you!
Gozag waives the service fee.
Gozag offers you a free set of potion effects!
The orc hits you with a mace.
Found 16 gold pieces and a plate armour.
You see here 16 gold pieces.
You hit the orc but do no damage.
Your tail-slap misses the orc.
The orc closely misses you.
You now have 98 gold pieces (gained 16).
The orc barely misses you.
You hit the orc.
The orc is heavily wounded.
The orc hits you but does no damage.
You barely miss the orc.
The orc is heavily wounded.
You closely miss the orc.
The orc is heavily wounded.
The orc barely misses you.
You hit the orc.
You kill the orc!
You hit the orc.
The orc is moderately wounded.
The orc hits you but does no damage.
You closely miss the orc.
The orc is moderately wounded.
You punch the orc!
You kill the orc!
You hit the goblin.
You kill the goblin!
You closely miss the orc.
Your tail-slap misses the orc.
The orc hits you but does no damage.
You barely miss the orc. The orc hits you but does no damage.
You barely miss the orc. Your punch misses the orc.
The orc hits you with a short sword.
You hit the orc.
The orc is moderately wounded.
The orc closely misses you.
You punch the orc!
You kill the orc!
You now have 123 gold pieces (gained 25).
Items here: ( ))) a short sword; 5 tomahawks; a short sword; a mace
f - 5 tomahawks You now have 134 gold pieces (gained 11).
Are you sure you want to abandon this character and quit the game? (Confirm with "yes".)

..........###.#...... #
..............#>...# .##
.......#....###....##...
.......###..###....#...#
.......# #............<#
.........#####.........#
......##....#...........
.....## ###.............
###### ##.###@###....
#.#.....# ... #.#.#.###
$ . #.._..# . ###.#.#
#.)...# ###.### ....
......


There were no monsters in sight!

Vanquished Creatures
  3 orcs (D:3)
  A ball python (D:2)
  A giant cockroach (D:1)
  4 hobgoblins
  4 jackals (D:2)
  6 kobolds
  4 bats
  A frilled lizard (D:2)
  3 goblins
  3 rats
30 creatures vanquished.

Notes
Turn   | Place    | Note
-------+----------+-------------------------------------------
     0 | D:1      | tidbits the Draconian Monk began the quest for the Orb.
     0 | D:1      | Reached XP level 1. HP: 19/19 MP: 1/1
    63 | D:2      | Reached XP level 2. HP: 14/26 MP: 2/2
   250 | D:1      | Reached skill level 4 in Unarmed Combat
   471 | D:2      | Reached XP level 3. HP: 31/31 MP: 3/3
   517 | D:3      | Found an opulent altar of Gozag.
   523 | D:3      | Became a worshipper of Gozag Ym Sagoz the Greedy
   553 | D:3      | Quit the game

Vault maps used:
D:1:      dpeg_arrival_tiny_a, minmay_tree_intersection
D:2:      minmay_tiny_reverse_x
D:3:      gammafunk_temple_overflow_claw, dancing_weapons_uskayaw,
          nicolae_gozag_cash_rules_everything_around_me

Skill      XL: |  1  2 |
---------------+-------+-----
Unarmed Combat | 4 |  4.3
Fighting       | |  3.2
Dodging        | |  2.6
Stealth        | |  1.7

Action                   || total
-------------------------++-------
Melee: Unarmed           ||    89
       Tailslap          ||     9
       Punch             ||     1
 Stab: Sleeping          ||     3
Armor: Skin              ||    20
Dodge: Dodged            ||    49

Table legend:
 A = Spawn XP
 B = Non-spawn XP
 C = Spawn XP percentage of total XP
 D = Spawn monster count
 E = Non-spawn monster count
 F = Spawn count percentage of total count
 G = Total turns spent on level
                    A         B        C        D         E        F      G
               +---------+---------+-------+---------+---------+-------+---------
         Total |       0 |      53 |   0.0 |       0 |      30 |   0.0 |   553
               +---------+---------+-------+---------+---------+-------+---------
           D:1 |       0 |      21 |   0.0 |       0 |      13 |   0.0 |   253
           D:2 |       0 |      21 |   0.0 |       0 |      13 |   0.0 |   243
           D:3 |       0 |      11 |   0.0 |       0 |       4 |   0.0 |    57
               +---------+---------+-------+---------+---------+-------+---------

Table legend:
 A = Turns spent in this place as a percentage of turns spent in the entire game.
 B = Non-inter-level travel turns spent in this place as a percentage of non-inter-level travel turns spent in the entire game.
 C = Inter-level travel turns spent in this place as a percentage of turns spent in this place.
 D = Turns resting spent in this place as a percentage of non-inter-level travel turns spent in this place.
 E = Turns spent auto-exploring this place as a percentage of non-inter-level travel turns spent in this place.
 F = Non-inter-level travel turns spent in this place divided by the number of levels of this place that you've seen.
                   A       B       C       D       E      F
               +-------+-------+-------+-------+-------+----------------------
         Total | 100.0 | 100.0 |   8.1 |   0.0 |   0.0 | 169.3
       Dungeon | 100.0 | 100.0 |   8.1 |   0.0 |   0.0 | 169.3
               +-------+-------+-------+-------+-------+----------------------

Table legend:
 A = Kills in this place as a percentage of kills in entire the game.
 B = Kills by you in this place as a percentage of kills by you in the entire game.
 C = Kills by friends in this place as a percentage of kills by friends in the entire game.
 D = Other kills in this place as a percentage of other kills in the entire game.
 E = Experience gained in this place as a percentage of experience gained in the entire game.
 F = Experience gained in this place divided by the number of levels of this place that you have seen.
                   A       B       C       D       E      F
               +-------+-------+-------+-------+-------+----------------------
         Total | 100.0 | 100.0 |   N/A |   N/A | 100.0 |  17.7
       Dungeon | 100.0 | 100.0 |   N/A |   N/A | 100.0 |  17.7
               +-------+-------+-------+-------+-------+----------------------

Vault maps used:
D:1:      dpeg_arrival_tiny_a, minmay_tree_intersection
D:2:      minmay_tiny_reverse_x
D:3:      gammafunk_temple_overflow_claw, dancing_weapons_uskayaw,
          nicolae_gozag_cash_rules_everything_around_me
